 Dungeon Crawl Stone Soup version 0.28-a0-1344-g6b9ff3a05d (webtiles) character file.

Game seed: 3691643361302223358

174 Deminshera the Slasher (level 5, 0/41 HPs)
             Began as a Demonspawn Monk on Dec 29, 2021.
             Slain by a kobold brigand (7 damage)
             ... on level 4 of the Dungeon.
             The game lasted 00:05:47 (5390 turns).

Deminshera the Slasher (Demonspawn Monk)            Turns: 5390, Time: 00:05:47

Health: 0/41       AC:  6    Str: 14    XL:     5   Next: 28%
Magic:  5/5        EV: 10    Int: 11    God:
Gold:   118        SH:  0    Dex: 15    Spells: 4/4 levels left

rFire   . . .      SeeInvis .   a - +0 falchion
rCold   . . .      Faith    .   (no shield)
rNeg    . . .      Spirit   .   i - +0 scale mail
rPois   .          Reflect  .   (helmet restricted)
rElec   .          Harm     .   (no cloak)
rCorr   .          Rampage  .   (no gloves)
Will    .....                   (no boots)
Stlth   +.........              (no amulet)
HPRegen 0.13/turn               (no ring)
MPRegen 0.09/turn               (no ring)

@: no status effects
A: antennae 1
a: no special abilities


You were on level 4 of the Dungeon.
You visited 1 branch of the dungeon, and saw 4 of its levels.

You collected 118 gold pieces.

Inventory:

Hand Weapons
 a - a +0 falchion (weapon)
Missiles
 g - 10 boomerangs (quivered)
Armour
 c - a +0 leather armour
 i - a +0 scale mail (worn)
Scrolls
 d - a scroll of noise {unknown}
 e - 3 scrolls of identify {unknown}
 k - a scroll of teleportation {unknown}
Potions
 b - a potion of attraction {unknown}
 f - a potion of heal wounds {unknown}
 h - a potion of might {unknown}
 j - a potion of mutation {unknown}


   Skills:
 - Level 3.0 Fighting
 - Level 4.0 Long Blades
 + Level 0.9 Throwing
 - Level 3.0 Armour
 - Level 3.0 Dodging
 - Level 2.0 Stealth


You had 4 spell levels left.
You didn't know any spells.
Your spell library was empty.

Dungeon Overview and Level Annotations

Branches:
Dungeon (4/15)
 Temple: D:4-7

Altars:
Ashenzari

Shops:
D:3 [


Innate Abilities, Weirdness & Mutations

You have a pair of small antennae on your head.


Message History

The giant cockroach bites you but does no damage.
You closely miss the kobold brigand.
The kobold brigand is severely wounded.
The kobold brigand barely misses you. The giant cockroach barely misses you.
You closely miss the kobold brigand.
The kobold brigand is severely wounded.
The giant cockroach bites you but does no damage.
The kobold brigand hits you with a +0 dagger.
The giant cockroach barely misses you.
You barely miss the kobold brigand.
The kobold brigand is severely wounded.
The kobold brigand hits you but does no damage.
The giant cockroach bites you but does no damage.
The kobold brigand barely misses you.
You hit the kobold brigand.
The kobold brigand is severely wounded.
The giant cockroach bites you but does no damage.
The kobold brigand barely misses you.
You hit the kobold brigand but do no damage.
The kobold brigand is severely wounded.
The giant cockroach bites you. The kobold brigand closely misses you.
The giant cockroach bites you but does no damage.
You hit the kobold brigand.
The kobold brigand is almost dead.
The giant cockroach barely misses you.
The kobold brigand hits you with a +0 dagger.
You hit the kobold brigand but do no damage.
The kobold brigand is almost dead.
The giant cockroach closely misses you.
The kobold brigand hits you with a +0 dagger.
* * * LOW HITPOINT WARNING * * *
You miss the kobold brigand.
The kobold brigand is almost dead.
The giant cockroach barely misses you.
The kobold brigand hits you but does no damage.
The giant cockroach bites you but does no damage.
You barely miss the kobold brigand.
The kobold brigand is almost dead.
The kobold brigand hits you with a +0 dagger!
You die...

########## #........#
##.######.# ##..# #.#
##...######.##########..
#.......(....(..@B......
##...######.#####K#####.
###.......#.# .#
#.>....##.#.# .#
#.#..#.##.#.# .#
#.#.........#### .#
#.#.##.##.#........
#.#.#.)...........#
#.#.........#####


You could see a kobold brigand and a giant cockroach.

Vanquished Creatures
  8 adders
  2 worms (D:2)
  5 dart slugs
  An orc (D:2)
  12 bats
  4 endoplasms
  A giant cockroach (D:2)
  9 goblins
  10 hobgoblins
  3 jackals (D:1)
  7 kobolds
  4 quokkas
  7 ball pythons
  2 frilled lizards
  7 rats
82 creatures vanquished.

Notes
Turn   | Place    | Note
-------+----------+-------------------------------------------
     0 | D:1      | Deminshera the Demonspawn Monk began the quest for the Orb.
     0 | D:1      | Reached XP level 1. HP: 18/18 MP: 1/1
    59 | D:1      | Reached skill level 3 in Long Blades
   174 | D:1      | Gained mutation: You have a pair of small antennae on your
                  | head. [demonic ancestry]
   174 | D:1      | Reached XP level 2. HP: 23/24 MP: 2/2
   393 | D:1      | Found a faded altar of an unknown god.
   951 | D:1      | Reached XP level 3. HP: 25/29 MP: 3/3
  1205 | D:1      | Reached skill level 4 in Long Blades
  2030 | D:2      | Reached skill level 1 in Armour
  2122 | D:2      | Reached XP level 4. HP: 29/35 MP: 4/4
  3819 | D:3      | Reached XP level 5. HP: 17/41 MP: 5/5
  4114 | D:3      | Found Gupt's Armour Shop.
  4261 | D:3      | Found a broken altar of Ashenzari.
  5390 | D:4      | Slain by a kobold brigand

Illustrated notes

Levels and vault maps discovered:
D:1:      wander_arrival_lonely_grave, layout_basic,
          shapermc_ecumenical_altar_mp_highgroup, hex_intersection,
          hangedman_abyss_or_decor_stabs
D:2:      minmay_chambers_of_twos, layout_rooms
D:3:      layout_basic, evilmike_ruin_ashenzari, serial_shops, shop,
          grunt_decor_one_mirror, minivault_19
D:4:      layout_loops_ring, minmay_ruined_shrine

Skill      XL: |  1  2  3  4  5 |
---------------+----------------+-----
Stealth        | 2 |  2.0
Long Blades    | 3 4 |  4.0
Armour         | 1 2 3 |  3.0
Dodging        | 3 |  3.0
Fighting       | |  3.0
Throwing       | |  0.9

Action                   |  1- 3 |  4- 6 || total
-------------------------+-------+-------++-------
Melee: Falchion          |   134 |   182 ||   316
Throw: Boomerang         |       |    12 ||    12
  Use: Potion            |       |     3 ||     3
 Stab: Sleeping          |     7 |     3 ||    10
Armor: Robe              |     6 |       ||     6
       Leather armour    |    27 |    36 ||    63
       Scale mail        |       |    19 ||    19
Dodge: Dodged            |    91 |   146 ||   237

Table legend: (Time is in decaauts)
 A = Elapsed time spent in this place.
 B = Non-inter-level travel time spent in this place.
 C = Inter-level travel time spent in this place.
 D = Time resting spent in this place.
 E = Time spent auto-exploring this place.
 F = Levels seen in this place.
 G = Mean time per level.
                   A        B        C        D        E       F      G
               +--------+--------+--------+--------+--------+-----+--------+
         Total |   5427 |   5387 |     40 |   1856 |   2796 |   4 | 1356.8 |
       Dungeon |   5427 |   5387 |     40 |   1856 |   2796 |   4 | 1356.8 |
               +--------+--------+--------+--------+--------+-----+--------+

Top non-repeatable levels by time:
     D:2: 2200 daAuts
     D:1: 1418 daAuts
     D:3: 1260 daAuts
     D:4: 548 daAuts
